 Dungeon Crawl Stone Soup version 0.27-a0-1332-g84bddb5ca7 (webtiles) character file.

Game seed: 685326965438880553

217 tilp the Caller (level 5, -4/41 HPs)
             Began as a Barachi Summoner on June 25, 2021.
             Slain by Natasha (6 damage)
             ... on level 3 of the Dungeon.
             The game lasted 00:04:39 (3681 turns).

tilp the Caller (Barachi Summoner)                  Turns: 3681, Time: 00:04:39

Health: -4/41      AC:  7    Str: 10    XL:     5   Next: 94%
Magic:  1/9        EV: 11    Int: 15    God:
Gold:   1057       SH:  0    Dex: 13    Spells: 4/10 levels left

rFire    . . .     SeeInvis .   a - +0 trident
rCold    . . .     Faith    .   (no shield)
rNeg     . . .     Spirit   .   f - +0 ring mail
rPois    +         Reflect  .   (no helmet)
rElec    .         Harm     .   h - +1 cloak {rPois}
rCorr    .         Rampage  .   (no gloves)
Will     .....                  (no boots)
Stlth    +.........             (no amulet)
HPRegen  0.13/turn              (no ring)
MPRegen  0.11/turn              (no ring)

@: unable to hop, slow
A: amphibious, slowness 1, strong legs 1, +LOS
a: Hop


You were on level 3 of the Dungeon.
You visited 1 branch of the dungeon, and saw 4 of its levels.

You collected 1057 gold pieces.

Inventory:

Hand Weapons
 a - a +0 trident (weapon)
 b - a +0 short sword
Armour
 f - a +0 ring mail (worn)
 h - a +1 cloak of poison resistance (worn)
Wands
 d - a wand of flame (19)
Scrolls
 g - a scroll of teleportation
Potions
 c - a potion of heal wounds
 e - a potion of might {unknown}
 i - a potion of magic {unknown}
 j - a potion of haste {unknown}


   Skills:
 + Level 3.2 Fighting
 + Level 3.2 Dodging
 + Level 2.8 Stealth
 - Level 3.0 Spellcasting
 - Level 6.0 Summonings


You had 4 spell levels left.
You knew the following spells:

 Your Spells              Type           Power      Damage    Failure   Level
a - Summon Small Mammal   Summ           80%        N/A       4%          1
b - Call Imp              Summ           20%        N/A       7%          2
c - Call Canine Familiar  Summ           20%        N/A       13%         3

Your spell library contained the following spells:

 Spells                   Type           Power      Damage    Failure   Level
 Summon Guardian Golem    Hex/Summ       11%        N/A       41%         3
 Summon Ice Beast         Ice/Summ       11%        N/A       83%         4
 Summon Lightning Spire   Summ/Air       11%        N/A       83%         4


Dungeon Overview and Level Annotations

Branches:
Dungeon (4/15)
 Temple: D:4-7

Altars:

Annotations:
D:3 Natasha


Innate Abilities, Weirdness & Mutations

You are amphibious.
You cover ground slowly.
You can hop short distances.
You have an extended range of vision and can be seen from far away.


Message History

The phantom misses you.
You hit the phantom but do no damage.
The phantom is heavily damaged.
The phantom hits you.
* * * LOW HITPOINT WARNING * * *
The phantom blinks!
You blink.
You miss the phantom.
The phantom is heavily damaged.
You are ready to hop once more.
Natasha casts a spell at you. The magic dart hits you.
* * * LOW HITPOINT WARNING * * *
The phantom hits you.
* * * LOW HITPOINT WARNING * * *
Casting: Call Canine Familiar (dangerous; 13% risk of failure)
Confirm with . or Enter, or press ? or * to list all spells.
Natasha barely misses your hound. The phantom hits you.
* * * LOW HITPOINT WARNING * * *
Unknown command.
Hop to where?
Press: ? - help, Dir - move target Boing!
Natasha completely misses you.
Your hound misses Natasha. You miss Natasha.
Natasha is moderately wounded.
Your hound closely misses Natasha.
Natasha completely misses you.
Your hound bites Natasha.
Natasha stares at you and mumbles some strange words.
The magic dart hits you!
* * * LOW HITPOINT WARNING * * *
The phantom hits your hound.
You barely miss Natasha.
Natasha is severely wounded.
Your hound barely misses the phantom.
The phantom misses your hound. Natasha closely misses you.
Your hound bites the phantom.
Unknown command.
Your ring mail prevents you from hitting Natasha.
Natasha is severely wounded.
Your hound closely misses the phantom.
The phantom barely misses your hound. Natasha claws you.
You die...

#####################
#>...hhW°........)...
#.##@################
#.##'#### #.#.....#
#.#.....# #.#.....#
#.##.####
#.##.################
#....................
####.##########......


You could see a phantom (ally target), Natasha and a friendly hound (summoned).

Vanquished Creatures
  Sigmund (D:2)
  2 adders
  An adder skeleton (D:3)
  2 worms (D:2)
  A dart slug (D:3)
  An orc (D:3)
  3 endoplasms
  3 giant cockroaches
  3 goblins
  4 hobgoblins
  3 jackals (D:3)
  A kobold (D:3)
  3 quokkas
  2 ball pythons
  6 bats
  4 frilled lizards
  A rat (D:2)
41 creatures vanquished.

Vanquished Creatures (collateral kills)
  A hound (D:4)
  Natasha (D:3)
  A gnoll (D:1)
  An adder (D:3)
  An endoplasm (D:1)
  2 giant cockroaches
  2 goblins
  3 hobgoblins
  3 jackals (D:1)
  4 quokkas
  3 ball pythons (D:2)
  4 bats
  4 rats (D:2)
30 creatures vanquished.

Vanquished Creatures (others)
  A plant (D:1)
1 creature vanquished.

Grand Total: 72 creatures vanquished

Notes
Turn   | Place    | Note
-------+----------+-------------------------------------------
     0 | D:1      | tilp the Barachi Summoner began the quest for the Orb.
     0 | D:1      | Reached XP level 1. HP: 13/13 MP: 3/3
   144 | D:1      | Reached skill level 1 in Fighting
   437 | D:1      | Reached XP level 2. HP: 22/22 MP: 0/5
   441 | D:1      | Learned a level 2 spell: Call Imp
   756 | D:1      | Reached skill level 5 in Summonings
   959 | D:1      | Reached XP level 3. HP: 27/27 MP: 1/6
   963 | D:1      | Learned a level 3 spell: Call Canine Familiar
  1280 | D:1      | Identified a scroll of acquirement
  1280 | D:1      | Acquired a +1 cloak of poison resistance
  1331 | D:2      | Found a faded altar of an unknown god.
  1700 | D:2      | Noticed Sigmund
  1711 | D:2      | Killed Sigmund
  1712 | D:2      | Reached skill level 6 in Summonings
  1712 | D:2      | Reached XP level 4. HP: 17/34 MP: 2/8
  1712 | D:2      | Reached XP level 5. HP: 20/39 MP: 2/9
  3236 | D:3      | Noticed Natasha
  3247 | D:3      | Killed Natasha
  3312 | D:3      | Acquired 954 gold pieces
  3650 | D:4      | Noticed a phantom
  3667 | D:3      | Noticed Natasha
  3679 | D:3      | HP: 2/41 [Natasha/magic dart (7)]
  3681 | D:3      | Slain by Natasha

Illustrated notes

Levels and vault maps discovered:
D:1:      lightli_arrival_flooded_house, layout_loops_ring, serial_bayou_pond_e
D:2:      layout_basic, chequers_ecumenical_altar_island, minmay_misc_feat_chi,
          uniq_sigmund
D:3:      layout_basic, uniq_natasha
D:4:      layout_loops_ring, grunt_ministairs_12

Skill      XL: |  1  2  3  4  5 |
---------------+----------------+-----
Fighting       | 2 3 |  3.2
Summonings     | 5 6 |  6.0
Spellcasting   | 3 |  3.0
Stealth        | 2 |  2.8
Dodging        | 3 |  3.2

Action                   |  1- 3 |  4- 6 || total
-------------------------+-------+-------++-------
Melee: Short sword       |    66 |    88 ||   154
       Unarmed           |     2 |       ||     2
       Trident           |       |    67 ||    67
 Cast: Summon Small Mamm |    20 |       ||    20
       Call Imp          |    24 |    21 ||    45
       Call Canine Famil |       |     4 ||     4
 Abil: Hop               |       |     2 ||     2
  Use: Scroll            |     2 |     3 ||     5
 Stab: Sleeping          |       |     4 ||     4
Armor: Robe              |     8 |       ||     8
       Ring mail         |    30 |    67 ||    97
Dodge: Dodged            |    62 |    90 ||   152

Table legend: (Time is in decaauts)
 A = Elapsed time spent in this place.
 B = Non-inter-level travel time spent in this place.
 C = Inter-level travel time spent in this place.
 D = Time resting spent in this place.
 E = Time spent auto-exploring this place.
 F = Levels seen in this place.
 G = Mean time per level.
                   A        B        C        D        E       F      G
               +--------+--------+--------+--------+--------+-----+--------+
         Total |   4043 |   3905 |    138 |    103 |   3138 |   4 | 1010.8 |
       Dungeon |   4043 |   3905 |    138 |    103 |   3138 |   4 | 1010.8 |
               +--------+--------+--------+--------+--------+-----+--------+

Top non-repeatable levels by time:
     D:1: 1446 daAuts
     D:2: 1310 daAuts
     D:3: 1257 daAuts
     D:4: 29 daAuts
